 Dungeon Crawl Stone Soup version 0.30.0-10-gfe55d96785 (webtiles) character file.

Game seed: 12420272829894692390

15701 monsoonserge the Spear-Bearer (level 12, -1/112 HPs)
             Began as a Meteoran Berserker on May 14, 2023.
             Was an Elder of Trog.
             Hit by a silver javelin thrown by a merfolk javelineer (3 damage)
             ... on level 1 of the Shoals.
             The game lasted 00:54:17 (6226 turns).

monsoonserge the Spear-Bearer (Meteoran Berserker)  Turns: 6226, Time: 00:54:17

Health: -1/112     AC: 16    Str: 30    XL:     12   Next: 98%
Magic:  4/4        EV: 13    Int:  8    God:    Trog [****..]
Gold:   515        SH:  0    Dex: 17    Spells: 11/11 levels left

rFire   . . .        K - +6 trident "Plog" {antimagic, *Rage rC++ rN+ Dex+2}
rCold   + + .        (no shield)
rNeg    + . .        q - +0 chain mail
rPois   .            c - +2 hat
rElec   .            M - scarf {shadows}
rCorr   .            G - +1 pair of gloves
SInv    .            (no boots)
Will    +++..        Y - amulet of the acrobat Stlth
                     N - ring of flight
HPRegen 1.38/turn    Q - +6 ring of strength
MPRegen 0.09/turn

%: random rage (20%), acrobat
@: lethally poisoned (-1 -> -2), strong-willed, on berserk cooldown, flying,
regenerating, slowed, glowing, very slow
A: sense surroundings 2, otherworldly, glowing, explore regen
a: Renounce Religion, Berserk, Trog's Hand, Brothers in Arms


You were on level 1 of the Shoals.
You worshipped Trog.
Trog was greatly pleased with you.
You visited 4 branches of the dungeon, and saw 18 of its levels.

You collected 515 gold pieces.

Inventory:

Hand Weapons
 D - a +2 heavy spear
 K - the +6 trident "Plog" (weapon) {antimagic, *Rage rC++ rN+ Dex+2}
   (You found it on level 5 of the Dungeon)

   Dex:       It affects your dexterity (+2).
   rC:        It greatly protects you from cold.
   rN:        It protects you from negative energy.
   *Rage:     It berserks you when you make melee attacks (+20% chance).
 O - a +2 trident of protection
 T - a +0 heavy morningstar
 Z - a +2 halberd of venom
Missiles
 x - 41 poisoned darts
 z - 3 boomerangs (quivered)
 B - 4 atropa-tipped darts
 R - 7 stones
Armour
 b - a +0 animal skin
 c - a +2 hat (worn)
 g - a +0 ring mail
 m - a +0 pair of gloves
 p - a +0 scale mail
 q - a +0 chain mail (worn)
 y - an orb of wrath
 G - a +1 pair of gloves (worn)
 M - a scarf of shadows (worn)
Jewellery
 L - a ring of protection from fire
 N - a ring of flight (left hand)
 Q - a +6 ring of strength (right hand)
 Y - an amulet of the acrobat (around neck)
Wands
 i - a wand of flame (53)
 o - a wand of iceblast (22)
Scrolls
 d - 6 scrolls of identify {unknown}
 h - 2 scrolls of noise {unknown}
 j - 3 scrolls of immolation {unknown}
 k - 6 scrolls of teleportation {unknown}
 l - 2 scrolls of fog {unknown}
 n - a scroll of fear {unknown}
 t - 4 scrolls of poison {unknown}
 u - 3 scrolls of blinking {unknown}
 E - a scroll of enchant armour {unknown}
 F - 2 scrolls of magic mapping {unknown}
 H - 3 scrolls of vulnerability {unknown}
 I - 3 scrolls of amnesia {unknown}
 P - a scroll of acquirement {unknown}
 S - a scroll of enchant weapon {unknown}
 W - a scroll of brand weapon {unknown}
Potions
 a - a potion of heal wounds {unknown}
 e - 5 potions of curing {unknown}
 f - 3 potions of mutation {unknown}
 r - 3 potions of flight {unknown}
 s - a potion of degeneration {unknown}
 v - 6 potions of berserk rage {unknown}
 w - 4 potions of ambrosia
 A - 5 potions of cancellation {unknown}
 C - a potion of magic {unknown}
 J - 3 potions of lignification {unknown}
 U - a potion of haste {unknown}
 V - a potion of might {unknown}
 X - a potion of brilliance {unknown}


   Skills:
 + Level 11.9 Fighting
 * Level 2.8(9.2) Axes
 + Level 6.5(7.2) Maces & Flails
 + Level 12.2(12.4) Polearms
 * Level 2.7(9.2) Staves
 + Level 4.0 Throwing
 - Level 12.0 Armour
 + Level 6.5 Dodging
 + Level 0.2 Stealth
 + Level 4.0 Evocations


You had 11 spell levels left.
You didn't know any spells.
Your spell library contained the following spells:

 Spells                   Type           Power      Damage    Failure   Level
 Apportation              Tloc           0%         N/A       80%         1
 Beastly Appendage        Tmut           0%         N/A       80%         1
 Necrotise                Necr           0%         1d4       80%         1
 Summon Small Mammal      Summ           0%         N/A       80%         1
 Blink                    Tloc           0%         N/A       90%         2
 Scorch                   Fire           0%         2d5       90%         2
 Static Discharge         Conj/Air       0%         2-2/arc   90%         2
 Wereblood                Tmut           0%         N/A       90%         2
 Spider Form              Tmut/Pois      0%         N/A       99%         3
 Airstrike                Air            0%         2d(0-16)  100%        4
 Manifold Assault         Tloc           0%         N/A       100%        4
 Summon Lightning Spire   Summ/Air       0%         N/A       100%        4
 Storm Form               Tmut/Air       0%         N/A       100%        7


Dungeon Overview and Level Annotations

Branches:
Dungeon (10/15) Zot: 842   Temple (1/1) D:4 Zot: 598    Lair (5/5) D:10 Zot: 1630
 Shoals (2/4) Lair:2 Zot: 1106   Snake (0/4) Lair:3        Slime (0/5) Lair:4
    Orc: D:9-12

Altars:
Hepliaklqana
Makhleb
Ru
Sif Muna
Trog
Xom

Shops:
D:4 (   D:9 *

Annotations:
D:7 1 runed translucent door, qeuew's ghost, novice MfGl
D:8 1 runed translucent door, notthatgreg's ghost, novice MiCK
Lair:1 exclusion: oklob plant
Shoals:2 3 runed translucent doors, Aral's ghost, adept MiBe


Innate Abilities, Weirdness & Mutations

You passively map the area around you.
You are easily found by Zot.
You glow in the dark.
You regain HP and MP as you explore.


Message History

You reach to attack!
You hit the merfolk javelineer.
The merfolk javelineer is heavily wounded.
You feel sick.
The merfolk javelineer throws a silver javelin.
The silver javelin closely misses you.
Reach: K) +6 trident "Plog" {antimagic, *Rage rC++ rN+ Dex+2}
Press: ? - help, Dir - move target, f/p - merfolk javelineer
Aim: a merfolk javelineer, wielding a +1 spear of venom, wearing a +0 leather armour and quivering silver javelins (heavily wounded, about 31% to evade the +6 trident "Plog")
You reach to attack!
You puncture the merfolk javelineer!
The merfolk javelineer is severely wounded.
You feel sick.
The merfolk javelineer throws a silver javelin.
The silver javelin barely misses you.
Reach: K) +6 trident "Plog" {antimagic, *Rage rC++ rN+ Dex+2}
Press: ? - help, Dir - move target, f/p - merfolk javelineer
Aim: a merfolk javelineer, wielding a +1 spear of venom, wearing a +0 leather armour and quivering silver javelins (severely wounded, about 31% to evade the +6 trident "Plog")
You reach to attack!
You barely miss the merfolk javelineer.
The merfolk javelineer is severely wounded.
You feel sick.
The merfolk javelineer throws a silver javelin.
The silver javelin pierces through you.
* * * LOW HITPOINT WARNING * * *
x2 Your skin crawls.
You feel strong-willed.
You feel sick.
The merfolk javelineer throws a silver javelin.
The silver javelin closely misses you.
The merfolk javelineer throws a silver javelin.
The silver javelin pierces through you!
* * * LOW HITPOINT WARNING * * *
x2 Reach: K) +6 trident "Plog" {antimagic, *Rage rC++ rN+ Dex+2}
Press: ? - help, Dir - move target, f/p - merfolk javelineer
Aim: a merfolk javelineer, wielding a +1 spear of venom, wearing a +0 leather armour and quivering silver javelins (severely wounded, about 31% to evade the +6 trident "Plog")
You reach to attack!
You puncture the merfolk javelineer!
The merfolk javelineer is almost dead.
You feel sick.
The merfolk javelineer throws a silver javelin.
The silver javelin pierces through you!
* * * LOW HITPOINT WARNING * * *
You die...

, ##..~~~.....~~~~~~~~
,
,##.~..~~~.#...~~~~..~
,~ ,
#..~~~~~~......~~~~.~~,
**
*#P.~.~~~~~....<#..~~ ~
* ##.~....~~...####...,
, * * #PPP..P†.~~..#
### , ...P~~##)......#
,, , ,
..~P~~.##.†....#### *
,~ ≈~~~~~....)...@.m..#
* ~~~ ~
≈≈~~~...###...~.....#
~, ~~P~.. *#..~~~.~...
, , ~≈~ *#..~~....... ~
,, ≈ ~ ..~~~~.##...~~~
, ~ ~~ ~~......# #..~ ~
,, , ~ ~ ~ ~...#####
#.~ ~ , ~, ~ , ,~~ * ~
~~


You could see a merfolk javelineer.

Vanquished Creatures
  A two-headed ogre (D:9)
  A manticore (Shoals:1)
  2 black mambas
  A merfolk siren (Lair:2)
  A water nymph (Shoals:1)
  2 cane toads
  An unseen horror (D:10)
  6 komodo dragons
  A rime drake (Lair:3)
  A merfolk (Shoals:1)
  2 trolls
  8 blink frogs (Lair:3)
  A ynoxinul (D:9)
  3 wyverns
  3 shadows
  15 yaks
  2 basilisks (Lair:1)
  A steam dragon (D:7)
  3 nagas (Lair:3)
  4 water moccasins
  Duvessa (D:7)
  3 black bears
  2 ice beasts
  2 centaurs
  3 kobold brigands
  6 bullfrogs
  A gnoll sergeant (D:6)
  3 scorpions
  Dowan (D:7)
  2 killer bees (Lair:3)
  5 hounds (D:6)
  3 orc priests (D:6)
  Jessica (D:2)
  2 gnoll boudas (D:8)
  Ijyb (D:3)
  4 orc wizards
  2 sleepcaps
  17 gnolls
  9 adders
  A white imp (D:8)
  A worm (D:5)
  2 dart slugs
  17 orcs
  5 bats
  4 endoplasms
  A giant cockroach (D:3)
  4 goblins
  5 hobgoblins (D:4)
  5 jackals
  2 quokkas
  4 ball pythons
  5 frilled lizards
  18 kobolds
  5 rats
206 creatures vanquished.

Vanquished Creatures (collateral kills)
  A hydra (Lair:3)
  A cane toad (Lair:3)
  2 blink frogs (Lair:3)
  4 yaks (Lair:3)
8 creatures vanquished.

Grand Total: 214 creatures vanquished

Notes
Turn   | Place    | Note
-------+----------+-------------------------------------------
     0 | D:1      | monsoonserge the Meteoran Berserker began the quest for the
                  | Orb.
     0 | D:1      | Reached XP level 1. HP: 19/19 MP: 2/2
    89 | D:1      | Reached XP level 2. HP: 19/26 MP: 3/3
   385 | D:2      | Reached XP level 3. HP: 33/33 MP: 4/4
   450 | D:2      | Noticed Jessica
   455 | D:2      | Reached skill level 1 in Axes
   459 | D:2      | Killed Jessica
   460 | D:2      | Reached skill level 1 in Staves
   460 | D:2      | Reached XP level 4. HP: 40/40 MP: 5/5
   991 | D:3      | Noticed Ijyb
  1002 | D:3      | Reached XP level 5. HP: 38/47 MP: 6/6
  1010 | D:3      | Killed Ijyb
  1103 | D:3      | Reached ** piety under Trog
  1327 | D:3      | You fall into a shaft and drop 1 floor!
  1439 | D:4      | Found a staircase to the Ecumenical Temple.
  1464 | Temple   | Entered the Ecumenical Temple
  1594 | D:4      | Reached XP level 6. HP: 53/53 MP: 7/7
  1739 | D:4      | Reached skill level 1 in Evocations
  1818 | D:4      | Found Nasungur's Weapon Emporium.
  1825 | D:4      | Reached *** piety under Trog
  1919 | D:5      | Entered Level 5 of the Dungeon
  1961 | D:5      | Noticed an ogre
  1961 | D:5      | Noticed a centaur
  2007 | D:6      | Noticed an ice beast
  2016 | D:6      | Reached skill level 5 in Maces & Flails
  2019 | D:6      | Killed an ice beast
  2020 | D:6      | Reached skill level 5 in Armour
  2020 | D:6      | Reached XP level 7. HP: 60/60 MP: 8/8
  2058 | D:6      | Found a sacrificial altar of Ru.
  2303 | D:6      | Reached skill level 5 in Fighting
  2411 | D:6      | Reached XP level 8. HP: 40/68 MP: 9/9
  2423 | D:6      | Reached skill level 1 in Polearms
  2670 | D:5      | Identified the +6 trident "Plog" {antimagic, *Rage rC++ rN+
                  | Dex+2}
  2898 | D:7      | Found a runed translucent door.
  2899 | D:7      | Found a shimmering altar of Xom.
  2899 | D:7      | Noticed qeuew's ghost (novice MfGl)
  2899 | D:7      | Noticed a +1 dagger of chaos
  2966 | D:7      | Noticed a steam dragon
  2975 | D:7      | Killed a steam dragon
  2976 | D:7      | Gained mutation: You passively map the area around you.
                  | [Meteoran growth]
  2976 | D:7      | Reached XP level 9. HP: 75/75 MP: 3/10
  2999 | D:7      | Reached skill level 5 in Polearms
  3013 | D:7      | Noticed Dowan
  3014 | D:7      | Noticed Duvessa
  3026 | D:7      | Killed Duvessa
  3028 | D:7      | Killed Dowan
  3412 | D:8      | Reached **** piety under Trog
  3518 | D:8      | Noticed notthatgreg's ghost (novice MiCK)
  3521 | D:8      | Found a runed translucent door.
  3855 | D:9      | Found Pelari's General Store.
  3946 | D:9      | Noticed a two-headed ogre
  3951 | D:9      | Killed a two-headed ogre
  3952 | D:9      | Reached XP level 10. HP: 37/86 MP: 3/11
  3954 | D:9      | Found a burning altar of Makhleb.
  4010 | D:9      | Found a shimmering blue altar of Sif Muna.
  4017 | D:9      | Got Sif Muna's Treatise on the Roasted Welkin
  4028 | D:9      | Found a bloodstained altar of Trog.
  4063 | D:9      | Reached skill level 10 in Polearms
  4220 | D:9      | Noticed a two-headed ogre
  4644 | D:10     | Entered Level 10 of the Dungeon
  4719 | D:10     | Killed an unseen horror
  4762 | D:10     | Found a staircase to the Lair.
  4792 | D:10     | Noticed a komodo dragon
  4796 | D:10     | Reached XP level 11. HP: 86/94 MP: 4/12
  4833 | Lair:1   | Entered Level 1 of the Lair of Beasts
  4887 | Lair:1   | Reached skill level 10 in Armour
  5034 | Lair:1   | Reached skill level 5 in Dodging
  5046 | Lair:1   | Noticed an oklob plant
  5061 | Lair:1   | Reached skill level 1 in Throwing
  5091 | Lair:1   | Found a hazy altar of Hepliaklqana.
  5209 | Lair:2   | Noticed a black mamba
  5214 | Lair:2   | Killed a black mamba
  5241 | Lair:2   | Reached skill level 10 in Fighting
  5314 | Lair:3   | Noticed a five-headed hydra
  5321 | Lair:3   | Killed a five-headed hydra
  5322 | Lair:3   | Reached XP level 12. HP: 40/107 MP: 4/13
  5504 | Lair:5   | Entered Level 5 of the Lair of Beasts
  5504 | Lair:5   | Noticed an eight-headed hydra
  5524 | Lair:4   | Found a staircase to the Slime Pits.
  5770 | Lair:3   | Found a staircase to the Snake Pit.
  6123 | Lair:2   | Found a staircase to the Shoals.
  6131 | Shoals:1 | Entered Level 1 of the Shoals
  6140 | Shoals:2 | Noticed Aral's ghost (adept MiBe)
  6140 | Shoals:2 | Found a runed translucent gate.
  6140 | Shoals:2 | Found a runed translucent gate.
  6140 | Shoals:2 | Found a runed translucent gate.
  6147 | Shoals:2 | Noticed a merfolk avatar
  6214 | Shoals:1 | Noticed a merfolk javelineer
  6226 | Shoals:1 | HP: 2/112 [merfolk javelineer/silver javelin (9)]
  6226 | Shoals:1 | Hit by a silver javelin thrown by a merfolk javelineer

Illustrated notes

Levels and vault maps discovered:
D:1:      lightli_arrival_windingriver, layout_basic, serial_glass,
          glass_columns_a, glass_columns_b, ebering_ecumenical_altar_hall
D:2:      layout_basic, st_stairs_11, uniq_jessica
D:3:      layout_basic, uniq_ijyb
D:4:      layout_gridville, minmay_temple_entry_mini_moons, serial_shops,
          nicolae_shop_bloodbath_and_beyond
D:5:      layout_loops_ring, kiku_gazebo_pond_becter, nzn_wu_jian_contemplation,
          nicolae_elyvilon_temple_path, uniq_blork_the_orc
D:6:      layout_loops_cross, nicolae_ru_path_of_blood, minmay_misc_feat_encased
D:7:      layout_cave_pods, ebering_ghost_xom, uniq_duvessa
D:8:      layout_gridville, hellmonk_ghost_happy_afterlife
D:9:      layout_basic, nzn_overflow_gifts_of_might_and_magic,
          mainiacjoe_overflow_big_doors, serial_co_window_serial,
          co_window_of_opportunity_a, co_window_paths_a, co_window_paths_a,
          co_window_paths_a, co_window_paths_b, co_window_paths_a,
          co_window_paths_b, co_window_cross_1, co_window_paths_b,
          co_window_unsneaky_path_b, co_window_broadway_a, co_window_corner_ca,
          co_window_corner_ca, co_window_corner_b, co_window_2corner,
          co_window_paths_e, serial_shops, shop
D:10:     layout_loops_cross, fedhas_altar_4, due_lair_maze_entry_diamond,
          minivault_12, uniq_amaemon
Temple:   hellmonk_temple_forest_ring
Lair:1:   layout_regular_city, basic_altar, eino_small_chamber_without_monster,
          chequers_serial_rivers_micro_c, st_stairs_7, disabler_island
Lair:2:   layout_gridlike, minmay_shoals_entry_lonely_mermaid, special_room
          [special_room_bee]
Lair:3:   layout_misc_corridors, nicolae_snake_entry_squirm
Lair:4:   layout_regular_city, slime_entry_1, serial_bayou, serial_bayou_pond_a,
          serial_bayou_pond_c, serial_bayou_lagoon_a, serial_bayou_crossing,
          nicolae_quartered_pool_little, ldierk_geyser, st_stairs_7,
          serial_bayou_pond_a, chequers_serial_rivers_marsh,
          dreamdust_wasp_nest, uniq_nessos
Lair:5:   minmay_lair_end_enchanted_forest, layout_cave_pods
Shoals:1: layout_shoals
Shoals:2: layout_shoals, ebering_ghost_rock_garden

Skill      XL: |  1  2  3  4  5  6  7  8  9 10 11 12 |
---------------+-------------------------------------+-----
Armour         | 3 4 5 7 9 10 12 | 12.0
Axes           | 1 2 |  2.8
Fighting       | 4 5 6 7 8 10 11 | 11.9
Staves         | 1 2 |  2.7
Evocations     | 1 2 4 |  4.0
Maces & Flails | 5 6 |  6.5
Dodging        | 3 4 5 6 |  6.5
Polearms       | 4 9 11 12 | 12.2
Throwing       | 2 4 |  4.0
Stealth        | |  0.2

Action                     |  1- 3 |  4- 6 |  7- 9 | 10-12 || total
---------------------------+-------+-------+-------+-------++-------
  Melee: Mace              |    53 |   186 |    63 |       ||   302
         Punch             |     1 |       |       |     2 ||     3
         Spear             |       |       |    44 |       ||    44
         Trident           |       |       |   135 |   369 ||   504
  Throw: Boomerang         |       |       |       |     9 ||     9
         Dart              |       |       |       |     9 ||     9
 Invoke: Trog's Hand       |       |       |     2 |     3 ||     5
         Brothers in Arms  |       |       |       |     2 ||     2
 Armour: Animal skin       |    15 |       |       |       ||    15
         Ring mail         |     7 |    37 |       |       ||    44
         Chain mail        |       |   117 |   124 |   186 ||   427
         Scale mail        |       |    16 |       |       ||    16
  Dodge: Dodged            |    22 |    83 |    79 |   162 ||   346
